 Dungeon Crawl Stone Soup version 0.28-a0-630-g0357d9c091 (webtiles) character file.

Game seed: 7385358905187939789

455 Astera the Chopper (level 7, -2/60 HPs)
             Began as a Hill Orc Fighter on Oct 9, 2021.
             Was a Believer of Nemelex Xobeh.
             Shot with an arrow by a centaur (8 damage)
             ... on level 5 of the Dungeon.
             The game lasted 00:10:06 (3433 turns).

Astera the Chopper (Hill Orc Fighter)               Turns: 3433, Time: 00:10:06

Health: -2/60      AC:  7    Str: 20    XL:     7   Next: 5%
Magic:  8/10       EV:  9    Int:  8    God:    Nemelex Xobeh [**....]
Gold:   165        SH:  4    Dex: 11    Spells: 6/6 levels left

rFire   . . .      SeeInvis +   a - +0 war axe
rCold   . . .      Faith    .   c - +0 buckler
rNeg    + . .      Spirit   .   b - +0 scale mail
rPois   .          Reflect  .   (no helmet)
rElec   .          Harm     .   (no cloak)
rCorr   .          Rampage  .   (no gloves)
Will    .....                   (no boots)
Stlth   ..........              (no amulet)
HPRegen 0.20/turn               e - ring of see invisible
MPRegen 0.12/turn               n - ring of positive energy

@: no status effects
A: no striking features
a: Renounce Religion, Draw Escape, Draw Destruction, Draw Summoning


You were on level 5 of the Dungeon.
You worshipped Nemelex Xobeh.
Nemelex Xobeh was pleased with you.
You visited 1 branch of the dungeon, and saw 5 of its levels.

You collected 165 gold pieces.

Inventory:

Hand Weapons
 a - a +0 war axe (weapon)
Missiles
 g - 4 boomerangs of dispersal (quivered)
Armour
 b - a +0 scale mail (worn)
 c - a +0 buckler (worn)
Jewellery
 e - a ring of see invisible (left hand)
 i - a ring of ice
 n - a ring of positive energy (right hand)
 w - a ring of resist corrosion
Scrolls
 f - 3 scrolls of identify {unknown}
 h - a scroll of magic mapping {unknown}
 k - 2 scrolls of fear {unknown}
 o - 2 scrolls of immolation {unknown}
 p - a scroll of enchant weapon {unknown}
 s - a scroll of teleportation {unknown}
 u - a scroll of noise {unknown}
 v - a scroll of fog {unknown}
Potions
 d - a potion of might
 j - a potion of degeneration {unknown}
 l - 2 potions of heal wounds {unknown}
 m - 4 potions of curing {unknown}
 q - a potion of resistance {unknown}
 r - a potion of berserk rage {unknown}
 t - 3 potions of attraction {unknown}


   Skills:
 + Level 4.9 Fighting
 + Level 5.9 Axes
 + Level 4.7 Armour
 + Level 0.3 Stealth
 + Level 4.0 Shields
 * Level 4.0 Invocations


You had 6 spell levels left.
You didn't know any spells.
Your spell library was empty.

Dungeon Overview and Level Annotations

Branches:
Dungeon (5/15)
 Temple: D:4-7

Altars:
Fedhas
Nemelex Xobeh

Shops:
D:3 *


Message History

You hit the bullfrog.
The bullfrog is almost dead.
The bullfrog barely misses you. x2
You closely miss the bullfrog.
The bullfrog is almost dead.
The bullfrog hits you.
The bullfrog hits you but does no damage.
You barely miss the bullfrog.
The bullfrog is almost dead.
You block the bullfrog's attack. x2
You closely miss the bullfrog.
The bullfrog is almost dead.
The bullfrog closely misses you. The bullfrog hits you.
You miss the bullfrog.
The bullfrog is almost dead.
The bullfrog hits you. x2
You hit the bullfrog but do no damage.
The bullfrog is almost dead.
The bullfrog barely misses you.
You barely miss the bullfrog.
The bullfrog is almost dead.
The bullfrog hits you. The bullfrog completely misses you.
You hit the bullfrog.
You kill the bullfrog!
Your Invocations skill increases to level 4!
You have reached level 7!
Found a ring mail.
A centaur comes into view.
Found a hunting sling.
Found a stone staircase leading down.
The centaur shouts!
The centaur wields a +0 shortbow.
The centaur shoots an arrow.
The arrow hits you!
The centaur shoots an arrow.
The arrow hits you!
* * * LOW HITPOINT WARNING * * *
The centaur shoots an arrow.
The arrow hits you.
* * * LOW HITPOINT WARNING * * *
There is a stone staircase leading up, spattered with blood here.
The centaur shoots an arrow.
The arrow hits you!
You die...
Your body glows slightly and disappears.

.### !$.# #. ...# ###
#. ###.#.# /...
#[##...#.# .....
#.#...##.##......
#####......#...c...[.
.............##....>.
#.......[†@..# .c...
.###.......## ...)
...........## .##
..........## # #..
......#.### #.#
#.###.#.# #.# . #.#.#
#.# # #.# #.# #.#


You could see a centaur.

Vanquished Creatures
  A bullfrog (D:5)
  A howler monkey (D:4)
  2 hound skeletons (D:4)
  4 gnolls (D:3)
  4 adders
  An adder skeleton (D:4)
  3 worms
  A dart slug (D:1)
  An orc (D:3)
  3 ball pythons
  11 endoplasms
  5 giant cockroaches
  5 goblins
  6 hobgoblins
  4 kobolds
  A quokka (D:1)
  8 bats
  4 frilled lizards
  5 rats
70 creatures vanquished.

Vanquished Creatures (collateral kills)
  Sigmund (D:2)
  An adder (D:2)
  A worm (D:2)
  A ball python (D:1)
  A bat (D:1)
  A frilled lizard (D:2)
6 creatures vanquished.

Grand Total: 76 creatures vanquished

Notes
Turn   | Place    | Note
-------+----------+-------------------------------------------
     0 | D:1      | Astera the Hill Orc Fighter began the quest for the Orb.
     0 | D:1      | Reached XP level 1. HP: 19/19 MP: 1/1
   207 | D:1      | Found a faded altar of an unknown god.
   211 | D:1      | Became a worshipper of Nemelex Xobeh the Trickster
   211 | D:1      | Reached * piety under Nemelex Xobeh
   239 | D:1      | Reached XP level 2. HP: 27/27 MP: 2/2
   315 | D:1      | Received a gift from Nemelex Xobeh
   367 | D:1      | Reached skill level 3 in Axes
   380 | D:1      | Reached XP level 3. HP: 29/33 MP: 3/3
   912 | D:2      | Reached skill level 1 in Invocations
  1215 | D:2      | Reached XP level 4. HP: 39/40 MP: 5/5
  1255 | D:2      | Reached ** piety under Nemelex Xobeh
  1311 | D:2      | Noticed Sigmund
  1340 | D:2      | Killed Sigmund
  1341 | D:2      | Reached skill level 4 in Axes
  1341 | D:2      | Reached XP level 5. HP: 16/47 MP: 5/7
  1341 | D:2      | Reached XP level 6. HP: 18/53 MP: 5/8
  2221 | D:3      | Reached skill level 5 in Axes
  2776 | D:3      | Found Nuelevitz's Assorted Antiques.
  2867 | D:3      | Found a blossoming altar of Fedhas.
  3080 | D:4      | Identified the +6 spear of Extermination {flame, *Slow
                  | Fragile Fly rElec}
  3382 | D:5      | Entered Level 5 of the Dungeon
  3382 | D:5      | Noticed a black bear
  3427 | D:5      | Reached XP level 7. HP: 29/60 MP: 8/10
  3433 | D:5      | Shot with an arrow by a centaur

Illustrated notes

Levels and vault maps discovered:
D:1:      minmay_arrival_stone_box, layout_basic, ebering_ecumenical_altar_webs
D:2:      kennysheep_six_static_rooms, layout_basic, serial_aquarium,
          aquarium_bridge_island_small [aquarium_subvault_small_open,
          aquarium_subvault_bridge, aquarium_subvault_bridge,
          aquarium_subvault_wall, aquarium_subvault_bridge],
          aquarium_bridge_square [aquarium_subvault_wall,
          aquarium_subvault_bridge, aquarium_subvault_window,
          aquarium_subvault_wall], aquarium_window_fake, aquarium_window_1,
          aquarium_window_corner, aquarium_window_corner, aquarium_view_2f,
          nicolae_underground_beach, uniq_sigmund
D:3:      layout_loops_cross, fedhas_altar_1, serial_shops, nicolae_shop_stone
D:4:      layout_rooms
D:5:      layout_loops_ring, gammafunk_temple_overflow_elements

Skill      XL: |  1  2  3  4  5  6 |
---------------+-------------------+-----
Axes           | 3 4 5 |  5.9
Fighting       | 4 |  4.9
Invocations    | 1 2 4 |  4.0
Armour         | 4 |  4.7
Shields        | 4 |  4.0
Stealth        | |  0.3

Action                   |  1- 3 |  4- 6 |  7- 9 || total
-------------------------+-------+-------+-------++-------
Melee: War axe           |    90 |   126 |       ||   216
Invok: Draw Destruction  |     2 |     2 |       ||     4
       Draw Summoning    |     1 |     3 |       ||     4
Armor: Scale mail        |    70 |    58 |       ||   128
Dodge: Dodged            |    51 |    67 |       ||   118
Block: Buckler           |    20 |    32 |       ||    52

Table legend: (Time is in decaauts)
 A = Elapsed time spent in this place.
 B = Non-inter-level travel time spent in this place.
 C = Inter-level travel time spent in this place.
 D = Time resting spent in this place.
 E = Time spent auto-exploring this place.
 F = Levels seen in this place.
 G = Mean time per level.
                   A        B        C        D        E       F      G
               +--------+--------+--------+--------+--------+-----+--------+
         Total |   3497 |   3408 |     89 |      0 |   2272 |   5 |  699.4 |
       Dungeon |   3497 |   3408 |     89 |      0 |   2272 |   5 |  699.4 |
               +--------+--------+--------+--------+--------+-----+--------+

Top non-repeatable levels by time:
     D:2: 1466 daAuts
     D:1: 899 daAuts
     D:3: 759 daAuts
     D:4: 341 daAuts
     D:5: 30 daAuts
